AoeStats
← gordonek320

Black Forest

506890340Analyzed
2v2 RM · 17d ago on Sep 15, 2026· 70m 24s· 4 players
Game mode
Random Map
Map size
Medium (4 player)
Population
200
Speed
Normal
Resources
Standard
Victory
Conquest
Starting age
Dark Age
Ending age
Imperial Age
RankedLock teamsTeams togetherTeam positionsShared explorationLock speedFull tech treeHidden civsTurbo modeCheats
Victory
Defeat
🇺🇸 Malay · United States
669
+12
🇨🇭 Italians · Switzerland
591
+14
🇵🇱 Tatars · Poland
588
-14
🇵🇱 Goths · Poland
549
-12
duro-dur8
0:54 Loom
11:49 Feudal Age
18:19 Castle Age
17:01 Wheelbarrow
17:09 Double-Bit Axe
18:21 Horse Collar
19:36 Heavy Plow
24:14 Gold Mining
30:04 Hand Cart
32:41 Imperial Age
31:55 Silk Road
31:33 Town Watch
32:38 Caravan
33:19 Forging
33:02 Fletching
33:39 Padded Archer Armor
35:18 Ballistics
36:00 Chemistry
35:39 Iron Casting
35:00 Bodkin Arrow
34:30 Elite Genoese Crossbowman
37:46 Blast Furnace
37:03 Leather Archer Armor
39:27 Bow Saw
39:59 Crop Rotation
39:35 Bracer
40:07 Ring Archer Armor
40:38 Thumb Ring
40:53 Squires
40:51 Arson
44:28 Scale Barding Armor
46:42 Chain Barding Armor
52:52 Plate Barding Armor
53:00 Light Cavalry
53:41 Husbandry
53:52 Bloodlines
55:01 Hussar
evan.matthew.bishop
0:52 Loom
13:02 Feudal Age
13:24 Double-Bit Axe
13:23 Horse Collar
19:22 Wheelbarrow
23:51 Fletching
24:11 Forging
23:57 Gold Mining
24:00 Stone Mining
27:03 Castle Age
24:43 Man-at-Arms
25:18 Arson
26:56 Heavy Plow
28:29 Masonry
28:25 Town Watch
28:55 Treadmill Crane
30:45 Iron Casting
31:04 Squires
36:10 Imperial Age
34:02 Long Swordsman
34:42 Bodkin Arrow
37:06 Chemistry
37:37 Forced Levy
37:33 Two-Handed Swordsman
39:18 Town Patrol
38:54 Pikeman
41:04 Blast Furnace
42:47 Capped Ram
43:45 Halberdier
48:45 Onager
54:27 Conscription
69:07 Block Printing
69:13 Sanctity
69:04 Redemption
{supa_n1ga}
0:42 Loom
15:21 Feudal Age
16:27 Town Watch
18:51 Wheelbarrow
19:38 Double-Bit Axe
20:07 Horse Collar
26:22 Castle Age
24:34 Gold Mining
24:43 Stone Mining
27:28 Hand Cart
27:50 Gold Shaft Mining
29:16 Caravan
30:49 Town Patrol
37:14 Imperial Age
35:27 Heavy Plow
39:16 Elite Keshik
40:10 Timurid Siegecraft
42:31 Silk Armor
42:52 Heavy Cavalry Archer
45:25 Scale Barding Armor
45:21 Padded Archer Armor
gordonek320
5:00 Loom
15:11 Feudal Age
18:07 Wheelbarrow
19:42 Horse Collar
19:50 Double-Bit Axe
22:42 Gold Mining
25:24 Man-at-Arms
26:11 Padded Archer Armor
26:07 Fletching
26:17 Scale Mail Armor
30:24 Castle Age
31:39 Crossbowman
32:57 Hand Cart
35:11 Stone Mining
39:33 Imperial Age
39:55 Onager
43:23 Forging
43:31 Chain Mail Armor
43:32 Leather Archer Armor
44:20 Elite Huskarl
Connection lost

Rejoining the realm…

Still unreachable

The connection could not be restored.

Session expired

The server has moved on; the page needs a fresh start.